 Dungeon Crawl Stone Soup version 0.20.0-15-g7f486f2 (webtiles) character file.

2641 Kosschaser the Blocker (level 9, -5/55 HPs)
             Began as a Gargoyle Fighter on June 17, 2017.
             Was a Priest of Okawaru.
             Slain by a two-headed ogre
             ... wielding a +0 giant spiked club
              (10 damage)
             ... on level 7 of the Dungeon.
             The game lasted 00:17:41 (6404 turns).

Kosschaser the Blocker (Gargoyle Fighter)           Turns: 6404, Time: 00:17:41

Health: -5/55      AC: 21    Str: 20    XL:     9   Next: 61%
Magic:  0/18       EV: 10    Int: 10    God:    Okawaru [***...]
Gold:   241        SH: 11    Dex: 11    Spells: 8/8 levels left

rFire    . . .     SeeInvis .   z - +1 flail (protect)
rCold    + . .     Gourm    .   c - +0 shield
rNeg     + . .     Faith    .   y - +1 ring mail {rC+}
rPois    ∞         Spirit   +   (no helmet)
rElec    +         Reflect  .   o - +0 cloak {+Inv}
rCorr    .         Harm     .   (no gloves)
MR       .....                  (no boots)
Stlth    +.........             u - amulet of guardian spirit
Regen    0.2/turn               l - ring of magical power
MPRegen  0.2/turn               (no ring)

@: protection aura
A: negative energy resistance 1, electricity resistance, unbreathing,
petrification resistance, rot immunity, AC +5
a: Heroism, Renounce Religion, Evoke Invisibility


You were on level 7 of the Dungeon.
You worshipped Okawaru.
Okawaru was most pleased with you.
You were not hungry.

You visited 1 branch of the dungeon, and saw 7 of its levels.

You collected 280 gold pieces.
You spent 39 gold pieces at shops.

Inventory:

Hand Weapons
 z - a +1 flail of protection (weapon)
 C - a +1 antimagic whip
 K - a +2 whip of electrocution
Armour
 c - a +0 shield (worn)
 o - a +0 cloak of invisibility (worn)
 y - a +1 ring mail of cold resistance (worn)
Jewellery
 l - a ring of magical power (left hand)
 u - an amulet of guardian spirit (around neck)
Wands
 b - a wand of lightning (6/15)
 D - a wand of lightning (4/15)
Scrolls
 e - 2 scrolls of recharging {unknown}
 i - 5 scrolls of remove curse
 k - 3 scrolls of immolation {unknown}
 m - a scroll of magic mapping {unknown}
 q - 5 scrolls of identify {unknown}
 r - 5 scrolls of teleportation
 t - 3 scrolls of amnesia {unknown}
 v - a scroll of fog {unknown}
 B - 2 scrolls of enchant armour {unknown}
Potions
 d - 3 potions of might
 g - a potion of agility {unknown}
 h - 2 potions of mutation {unknown}
 p - 6 potions of curing {unknown}
 s - 2 potions of ambrosia {unknown}
 E - a potion of resistance {unknown}
 F - a potion of haste {unknown}
 G - a potion of brilliance {unknown}
 H - a potion of flight {unknown}
 I - a potion of lignification {unknown}
Comestibles
 f - 8 bread rations
 j - 7 meat rations
 n - 4 royal jellies
 A - a fruit


   Skills:
 + Level 6.0 Fighting
 + Level 8.0 Maces & Flails
 + Level 5.7 Armour
 + Level 3.3 Dodging
 + Level 8.1 Shields


You had 8 spell levels left.
You didn't know any spells.

Dungeon Overview and Level Annotations

Branches:
Dungeon (7/15)             Temple (0/1) D:7

Altars:
Ashenzari
Dithmenos
Elyvilon
Fedhas
Gozag
Hepliaklqana
Makhleb
Okawaru
Qazlal
Uskayaw
Zin
The Shining One

Shops:
D:4 %   D:5 *

Annotations:
D:6 1 exclusion


Innate Abilities, Weirdness & Mutations

You are resistant to torment.
Your stone body is resilient. (AC +5)
You are immune to poison.
You resist negative energy. (rN+)
You are resistant to electric shocks. (rElec)
You can survive without breathing.
You are immune to petrification.
You are immune to rotting.


Message History

You sock the two-headed ogre!
The two-headed ogre is severely wounded.
The orc barely misses you.
The two-headed ogre hits you with a giant spiked club!!
The two-headed ogre hits you but does no damage.
The orc wizard hits you but does no damage.
The orc closely misses you.
Your shield prevents you from hitting the two-headed ogre.
The two-headed ogre is severely wounded.
You block the orc's attack.
The orc wizard hits you but does no damage.
The two-headed ogre hits you with a giant spiked club!
* * * LOW HITPOINT WARNING * * *
The two-headed ogre barely misses you. The orc hits you but does no damage.
The orc barely misses you. The orc wizard casts a spell at you.
The puff of flame hits you!
* * * LOW HITPOINT WARNING * * *
The two-headed ogre hits you with a giant spiked club!
You die...

.........####.# ..#
............#.# ..#
...#........#.# ..#####
............#.# ......#
....#.......#.# ......#
....#.......'.# ......#
....#.......#####).....#
....#..........Ooo.....#
....#..##'###...@o.....#
....#.....# #.###......#
....#...### #.# .$....+
##'##...#####.###..%...#
..............#.+......#
##.####.#######Y#......#
#.####.# #.########
#....#.# #O# ####.#.#
#.#


You could see a two-headed ogre, an orc wizard and 2 orcs.

Vanquished Creatures
  Pikel (D:7)
  Prince Ribbit (D:5)
  Edmund (D:5)
  2 orc warriors
  An ice beast (D:5)
  A slave (D:7)
  2 ogres
  2 centaurs
  A wyvern zombie (D:6)
  A bullfrog (D:6)
  2 scorpions
  A killer bee (D:6)
  A howler monkey (D:4)
  A crimson imp (D:5)
  A quasit (D:7)
  A bullfrog zombie (D:7)
  A centaur zombie (D:7)
  A jelly (D:7)
  2 orc wizards (D:7)
  A gnoll shaman (D:4)
  4 hounds
  Crazy Yiuf (D:2)
  Natasha (twice) (D:3)
  6 worker ants
  3 iguanas
  2 hound skeletons
  A howler monkey skeleton (D:4)
  11 gnolls
  7 adders
  2 oozes
  6 worms
  3 dart slugs
  4 leopard geckos
  20 orcs
  11 bats
  7 giant cockroaches
  4 hobgoblins (D:1)
  9 jackals
  9 kobolds
  A quokka (D:5)
  3 frilled lizards
  4 goblins
  A jackal skeleton (D:5)
  A leopard gecko skeleton (D:5)
  A quokka skeleton (D:6)
  4 rats
152 creatures vanquished.

Vanquished Creatures (others)
  Ijyb (D:4)
1 creature vanquished.

Grand Total: 153 creatures vanquished

Notes
Turn   | Place    | Note
-------+----------+-------------------------------------------
     0 | D:1      | Kosschaser the Gargoyle Fighter began the quest for the Orb.
     0 | D:1      | Reached XP level 1. HP: 14/14 MP: 1/1
   214 | D:1      | Reached XP level 2. HP: 2/19 MP: 2/2
   918 | D:1      | Reached XP level 3. HP: 22/23 MP: 3/3
  1399 | D:2      | Found a runed door.
  1519 | D:2      | Reached XP level 4. HP: 27/28 MP: 4/4
  1629 | D:2      | Found an iron altar of Okawaru.
  1664 | D:2      | Reached skill level 1 in Dodging
  2027 | D:2      | Noticed Crazy Yiuf
  2038 | D:2      | Killed Crazy Yiuf
  2038 | D:2      | Reached XP level 5. HP: 22/33 MP: 5/5
  2064 | D:2      | Found a hazy altar of Hepliaklqana.
  2066 | D:2      | Found an opulent altar of Gozag.
  2130 | D:3      | Found a hide-covered altar of Uskayaw.
  2589 | D:3      | Found a glowing silver altar of Zin.
  2634 | D:3      | Noticed Natasha
  2643 | D:3      | Killed Natasha
  2651 | D:3      | Noticed Natasha
  2661 | D:3      | Killed Natasha
  2661 | D:3      | Reached XP level 6. HP: 28/38 MP: 6/6
  3031 | D:2      | Became a worshipper of Warmaster Okawaru
  3170 | D:4      | Found Ciwnumas's Food Boutique.
  3318 | D:4      | Reached XP level 7. HP: 19/44 MP: 7/7
  3616 | D:4      | Reached skill level 5 in Maces & Flails
  3682 | D:4      | Found a white marble altar of Elyvilon.
  3704 | D:4      | Found a blossoming altar of Fedhas.
  3718 | D:4      | Reached * piety under Okawaru
  3718 | D:4      | Reached skill level 5 in Shields
  3741 | D:4      | Found a shadowy altar of Dithmenos.
  3966 | D:4      | Noticed Ijyb
  3974 | D:4      | Killed Ijyb
  4066 | D:5      | Entered Level 5 of the Dungeon
  4085 | D:5      | Noticed Edmund
  4097 | D:5      | Killed Edmund
  4178 | D:5      | Reached XP level 8. HP: 48/48 MP: 8/8
  4182 | D:5      | Found a glowing golden altar of the Shining One.
  4252 | D:5      | Found Foifet's General Store.
  4269 | D:5      | Bought a scroll of remove curse for 39 gold pieces
  4429 | D:5      | Noticed Prince Ribbit
  4529 | D:5      | Killed Prince Ribbit
  4529 | D:5      | Reached skill level 5 in Fighting
  4529 | D:5      | Reached skill level 5 in Armour
  4668 | D:5      | Reached ** piety under Okawaru
  4912 | D:6      | Found a shattered altar of Ashenzari.
  4974 | D:6      | Found a burning altar of Makhleb.
  5254 | D:6      | Found a stormy altar of Qazlal.
  5268 | D:6      | Reached XP level 9. HP: 54/54 MP: 9/9
  5598 | D:7      | Noticed a two-headed ogre
  6203 | D:7      | Noticed Pikel
  6205 | D:7      | Found a staircase to the Ecumenical Temple.
  6229 | D:7      | Killed Pikel
  6229 | D:7      | Reached *** piety under Okawaru
  6404 | D:7      | Slain by a two-headed ogre

Skill      XL: |  1  2  3  4  5  6  7  8  9 |
---------------+----------------------------+-----
Maces & Flails | 3 4 5 7 8 |  8.0
Armour         | 4 5 |  5.7
Dodging        | 1 2 3 |  3.3
Shields        | 4 5 6 8 |  8.1
Fighting       | 4 5 6 |  6.0

Action                   |  1- 3 |  4- 6 |  7- 9 || total
-------------------------+-------+-------+-------++-------
Melee: Flail             |   163 |   211 |    12 ||   386
       Whip              |       |       |   357 ||   357
       Club              |       |       |     7 ||     7
  Use: Scroll            |       |       |     1 ||     1
  Eat: Chunk             |     2 |     5 |    12 ||    19
Armor: Scale mail        |   123 |    86 |     2 ||   211
       Ring mail         |       |       |   113 ||   113
Dodge: Dodged            |    77 |    73 |   117 ||   267
Block: Shield            |    94 |   125 |   173 ||   392
